Unix NetHack Version 3.7.0-95 Work-in-progress - last build Jan 1 2024 20:51:50 (6a0ccc5fa2390e420dd2d488a2f9488d2ae3a63b,branch:master). Game began 2024-01-10 20:12:29, ended 2024-01-10 20:23:00. Arasaka, neutral female human Tourist --.------ +>.0@...+ |.......| |.......-## --------- Arasaka the Rambler St:12 Dx:13 Co:15 In:12 Wi:11 Ch:17 Neutral Dlvl:5 $:735 HP:0(16) Pw:5(5) AC:9 Xp:2/28 T:1489 Latest messages: The shrieker shrieks. You miss the shrieker. You hit the shrieker. You hit the shrieker. Behemoth misses the shrieker. You hit the shrieker. The shrieker shrieks. Behemoth misses the shrieker. Behemoth misses the shrieker. You miss the shrieker. Behemoth bites the shrieker. Behemoth bites the shrieker. The shrieker is killed! Where do you want to travel to? (For instructions type a '?') You hear someone counting gold coins. You descend the stairs. The door opens. You swap places with Behemoth. A trap door opens up under you! Suddenly, you notice a garter snake. Behemoth misses the garter snake. Behemoth bites the garter snake. The garter snake is killed! Behemoth eats a tripe ration. The coyote bites! You hit the coyote. Behemoth misses the coyote. The coyote bites! You miss the coyote. Behemoth bites the coyote. The coyote misses Behemoth. The coyote bites! Behemoth misses the coyote. You miss the coyote. Behemoth misses the coyote. The coyote just misses! In what direction? You kill the coyote! a - an uncursed +2 dart (at the ready) (30 in total). You swap places with Behemoth. You swap places with Behemoth. w - a murky potion. The door opens. You swap places with Behemoth. Behemoth bites it. Behemoth grows up into a housecat. Click! You trigger a rolling boulder trap! You are hit by a boulder! You die... Inventory: Coins ('$') $ - 735 gold pieces Weapons (')') a - 30 uncursed +2 darts (at the ready) Armor ('[') j - an uncursed +0 Hawaiian shirt with a tropical fish motif (being worn) v - an uncursed +0 leather jacket (being worn) Comestibles ('%') d - an uncursed taco b - 6 uncursed food rations g - 2 uncursed fortune cookies f - an uncursed melon e - 2 uncursed pears c - an uncursed tripe ration Scrolls ('?') i - 4 uncursed scrolls of magic mapping Potions ('!') t - an uncursed potion of booze h - 3 uncursed potions of extra healing o - a blessed potion of healing p - 2 uncursed potions of healing q - a cursed potion of healing w - an uncursed potion of object detection Tools ('(') l - an uncursed credit card k - an uncursed expensive camera (0:88) m - an uncursed tin whistle Arasaka the Tourist's attributes: Background: You were a Rambler, a level 2 female human Tourist. You were neutral, nominally on a mission for The Lady who was opposed by Blind Io (lawful) and Offler (chaotic). You were right-handed. You were in the Dungeons of Doom, on level 5. You entered the dungeon 1489 turns ago. There was a new moon in effect when your adventure ended. You had 28 experience points, 12 more were needed to attain level 3. Basics: You had 0 out of 16 hit points. You had all 5 energy points (spell power). Your armor class was 9. Your wallet contained 735 zorkmids. Autopickup was on for '$"?' plus thrown, with exceptions. Final Characteristics: Your strength was 12 (limit:18/100). Your dexterity was 13 (limit:18). Your constitution was 15 (limit:18). Your intelligence was 12 (limit:18). Your wisdom was 11 (limit:18). Your charisma was 17 (limit:18). Final Status: You weren't hungry. You were unencumbered. You were bare handed. You were unskilled in bare handed combat. Final Attributes: You were nominally aligned. You are dead. Miscellaneous: You disabled loading of bones levels. Total elapsed playing time was 10 minutes and 30 seconds. Major events: Turn 1: Arasaka the neutral female human Tourist entered the dungeon 929: entered the Gnomish Mines 1489: killed by a boulder Vanquished creatures: a shrieker a little dog 2 coyotes a yellow mold a garter snake a gecko 8 jackals a goblin a grid bug 5 lichens 9 newts 31 creatures vanquished. No species were genocided or became extinct. Voluntary challenges: You were an atheist. You never hit with a wielded weapon. You read items or engraved 3 times. You never engraved Elbereth. You never genocided any monsters. You never polymorphed an object. You never changed form. You used no wishes. Achievements: You entered a shop. You entered the Gnomish Mines. The Dungeons of Doom: levels 1 to 5 Level 1: Some fountains, a sink. Level 2: A sink. Level 3: "v" Stairs down to The Gnomish Mines. Level 4: Level 5: <- You were here. Final resting place for you, killed by a boulder. The Gnomish Mines: Level 4: Game over: ---------- / \ / REST \ / IN \ / PEACE \ / \ | Arasaka | | 735 Au | | killed by a | | boulder | | | | | | 2024 | *| * * * | * _________)/\\_//(\/(/\)/\//\/|_)_______ Aloha Arasaka the Tourist... You died in The Dungeons of Doom on dungeon level 5 with 342 points, and 735 pieces of gold, after 1489 moves. You were level 2 with a maximum of 16 hit points when you died.